 Dungeon Crawl Stone Soup version 0.23.1 (webtiles) character file.

Game seed: 17681238124333939610

105 Ethylacetat the Poker (level 4, 0/40 HPs)
             Began as a Naga Gladiator on Mar 4, 2019.
             Slain by Robin
             ... wielding a +0 dagger
              (6 damage)
             ... on level 3 of the Dungeon.
             The game lasted 00:05:05 (2785 turns).

Ethylacetat the Poker (Naga Gladiator)              Turns: 2785, Time: 00:05:06

Health: 0/40       AC:  4    Str: 17    XL:     4   Next: 83%
Magic:  4/4        EV: 10    Int:  8    God:
Gold:   121        SH:  0    Dex: 13    Spells: 3/3 levels left

rFire    . . .     SeeInvis +   a - +0 trident
rCold    . . .     Gourm    .   (no shield)
rNeg     . . .     Faith    .   b - +0 leather armour
rPois    +         Spirit   .   c - +0 helmet
rElec    .         Reflect  .   (no cloak)
rCorr    .         Harm     .   (no gloves)
MR       .....                  (no barding)
Stlth    ++........             (no amulet)
HPRegen  0.13/turn              (no ring)
MPRegen  0.09/turn              (no ring)

@: very slow
A: large, see invisible, deformed body, poison resistance, slowness 2, slow
metabolism 1, spit poison 1, AC +1
a: Spit Poison


You were on level 3 of the Dungeon.
You were not hungry.

You visited 1 branch of the dungeon, and saw 3 of its levels.

You collected 121 gold pieces.

Inventory:

Hand Weapons
 a - a +0 trident (weapon)
Missiles
 d - 3 throwing nets (quivered)
 o - 15 arrows
Armour
 b - a +0 leather armour (worn)
 c - a +0 helmet (worn)
Scrolls
 h - 5 scrolls of teleportation {unknown}
 i - a scroll of remove curse {unknown}
 l - 3 scrolls of identify {unknown}
 m - a scroll of enchant armour {unknown}
 p - a scroll of fog {unknown}
Potions
 e - a potion of berserk rage {unknown}
 g - a potion of agility {unknown}
 j - a potion of invisibility {unknown}
 k - a potion of heal wounds {unknown}
 n - a potion of curing {unknown}
Comestibles
 f - 6 rations
 q - 7 chunks of flesh


   Skills:
 + Level 2.9 Fighting
 * Level 4.3 Polearms
 - Level 1.7 Throwing
 - Level 1.1 Armour
 - Level 2.4 Dodging
 - Level 1.8 Stealth


You had 3 spell levels left.
You didn't know any spells.
Your spell library was empty.

Dungeon Overview and Level Annotations

Branches:
Dungeon (3/15)

Altars:

Annotations:
D:3 Robin


Innate Abilities, Weirdness & Mutations

You cannot wear boots.
Your serpentine skin is tough. (AC +1)
You have supernaturally acute eyesight. (SInv)
Armour fits poorly on your strangely shaped body.
Your system is resistant to poisons. (rPois)
You cover ground very slowly.
You have a slow metabolism.
You can spit poison.


Message History

* * * LOW HITPOINT WARNING * * *
Robin hits you but does no damage.
You barely miss Robin.
Robin is severely wounded.
Robin hits you with a +0 dagger.
* * * LOW HITPOINT WARNING * * *
The hobgoblin barely misses you.
You barely miss Robin.
Robin is severely wounded.
Robin closely misses you. The hobgoblin hits you with a +0 club.
* * * LOW HITPOINT WARNING * * *
You closely miss Robin.
Robin is severely wounded.
Robin roars a battlecry!
The hobgoblin goes into a battle-frenzy!
The hobgoblin hits you but does no damage.
You barely miss Robin.
Robin is severely wounded.
Robin hits you with a +0 dagger.
You die...

........#.
...............#
......... .....
......... .....
.......[.# ....
.......b.# #..##
......K.<# ...#
......g..#####gg#
......g.....##@.#
..g.Jg....#.##.)#
....g...(.#.....#
##...†(......)##
......#.......).#
#####..........<#
..............#
...............#
####....#......#


You could see Robin and a hobgoblin.

Vanquished Creatures
  Jessica (D:2)
  2 oozes
  A worm (D:2)
  A dart slug (D:1)
  2 leopard geckos (D:2)
  6 bats
  2 giant cockroaches (D:1)
  10 goblins
  8 hobgoblins
  6 jackals (D:1)
  7 kobolds
  3 quokkas (D:2)
  A frilled lizard (D:1)
  5 rats
55 creatures vanquished.

Notes
Turn   | Place    | Note
-------+----------+-------------------------------------------
     0 | D:1      | Ethylacetat the Naga Gladiator began the quest for the Orb.
     0 | D:1      | Reached XP level 1. HP: 19/19 MP: 1/1
   183 | D:1      | Reached XP level 2. HP: 24/26 MP: 2/2
   287 | D:1      | Reached skill level 1 in Stealth
  1067 | D:1      | Reached XP level 3. HP: 33/33 MP: 3/3
  2035 | D:2      | Noticed Jessica
  2045 | D:2      | Killed Jessica
  2045 | D:2      | Reached skill level 4 in Polearms
  2045 | D:2      | Reached skill level 1 in Armour
  2045 | D:2      | Reached XP level 4. HP: 31/40 MP: 4/4
  2331 | D:3      | Noticed Robin
  2785 | D:3      | Slain by Robin

Skill      XL: |  1  2  3 |
---------------+----------+-----
Stealth        | 1 |  1.8
Polearms       | 4 |  4.3
Armour         | 1 |  1.1
Fighting       | |  2.9
Throwing       | |  1.7
Dodging        | |  2.4

Action                   |  1- 3 |  4- 6 || total
-------------------------+-------+-------++-------
Melee: Trident           |   154 |    53 ||   207
 Stab: Sleeping          |     3 |       ||     3
  Eat: Chunk             |     3 |     2 ||     5
Armor: Leather armour    |    37 |    25 ||    62
Dodge: Dodged            |    69 |    42 ||   111
